 Dungeon Crawl Stone Soup version 0.24.1-14-gf8d2b509d9 (webtiles) character file.

Game seed: 7181797315192699970, levelgen mode: deterministic

184 Mrkan the Shield-Bearer (level 5, -1/47 HPs)
             Began as a Gnoll Fighter on May 22, 2020.
             Slain by Grinder (4 damage)
             ... on level 3 of the Dungeon.
             The game lasted 00:03:11 (1735 turns).

Mrkan the Shield-Bearer (Gnoll Fighter)             Turns: 1735, Time: 00:03:12

Health: -1/47      AC:  9    Str: 24    XL:     5   Next: 63%
Magic:  7/7        EV:  9    Int: 10    God:
Gold:   97         SH: 11    Dex: 15    Spells: 7/7 levels left

rFire    . . .     SeeInvis .   a - +0 war axe
rCold    . . .     Gourm    .   c - +0 shield
rNeg     . . .     Faith    .   b - +0 scale mail
rPois    .         Spirit   .   (no helmet)
rElec    .         Reflect  .   (no cloak)
rCorr    .         Harm     .   n - +0 pair of gloves
MR       .....                  (no boots)
Stlth    +.........             (no amulet)
HPRegen  0.15/turn              (no ring)
MPRegen  0.10/turn              (no ring)

@: mighty
A: distributed training, fangs 1, strong nose
a: no special abilities


You were on level 3 of the Dungeon.
You were not hungry.

You visited 1 branch of the dungeon, and saw 3 of its levels.

You collected 97 gold pieces.

Inventory:

Hand Weapons
 a - a +0 war axe (weapon)
 k - a +3 whip
Armour
 b - a +0 scale mail (worn)
 c - a +0 shield (worn)
 n - a +0 pair of gloves (worn)
Jewellery
 i - a cursed -2 ring of protection {unknown}
Scrolls
 e - 2 scrolls of immolation {unknown}
 g - a scroll of magic mapping {unknown}
 h - a scroll of enchant armour {unknown}
 j - a scroll of remove curse {unknown}
Potions
 d - 2 potions of might
 l - a potion of haste {unknown}
Comestibles
 f - 4 rations
 m - a chunk of flesh


   Skills:
 + Level 6.7 Fighting
 + Level 1.5 Short Blades
 + Level 1.5 Long Blades
 + Level 4.8 Axes
 + Level 1.5 Maces & Flails
 + Level 1.5 Polearms
 + Level 1.5 Staves
 + Level 1.5 Slings
 + Level 1.5 Bows
 + Level 1.5 Crossbows
 + Level 1.5 Throwing
 + Level 6.7 Armour
 + Level 1.5 Dodging
 + Level 1.5 Stealth
 + Level 6.7 Shields
 + Level 1.5 Unarmed Combat
 + Level 1.5 Spellcasting
 + Level 1.2 Conjurations
 + Level 1.2 Hexes
 + Level 1.2 Charms
 + Level 1.2 Summonings
 + Level 1.2 Necromancy
 + Level 1.2 Translocations
 + Level 1.2 Transmutations
 + Level 1.2 Fire Magic
 + Level 1.2 Ice Magic
 + Level 1.2 Air Magic
 + Level 1.2 Earth Magic
 + Level 1.2 Poison Magic
 + Level 1.7 Invocations
 + Level 1.5 Evocations


You had 7 spell levels left.
You didn't know any spells.
Your spell library was empty.

Dungeon Overview and Level Annotations

Branches:
Dungeon (3/15)

Altars:

Annotations:
D:3 Grinder


Innate Abilities, Weirdness & Mutations

Your experience applies equally to all skills.
You have very sharp teeth.
Your uncanny sense of smell can sniff out nearby items.


Message History

You barely miss something. You hit the bat but do no damage.
The bat hits you but does no damage. Something hits you.
You writhe in agony.
The giant cockroach bites you.
You suddenly lose the ability to move!
The bat hits you but does no damage.
The giant cockroach bites you but does no damage. x2
Pain shoots through your body!
* * * LOW HITPOINT WARNING * * *
The bat barely misses you. The giant cockroach bites you.
* * * LOW HITPOINT WARNING * * *
Something tries to affect you, but you resist.
The bat hits you but does no damage.
The giant cockroach bites you but does no damage.
Something hits you.
* * * LOW HITPOINT WARNING * * *
You can move again.
You feel very mighty all of a sudden. You block the bat's attack.
The giant cockroach bites you but does no damage.
Something hits you.
You die...

########
#.@s.#..∆ #
#..#.#.# .#
#..b##.#.##.###
#...##.g#.>.....
#..# #.##.......
∆ #....#....##
#.# #.....g@#
........###.###
###..§......<##


You could see a giant cockroach and a bat.

Vanquished Creatures
  A crimson imp (D:2)
  Jessica (D:3)
  5 gnolls
  An adder (D:2)
  2 oozes (D:1)
  4 dart slugs
  2 leopard geckos (D:1)
  A giant cockroach (D:2)
  8 goblins
  5 hobgoblins
  2 quokkas (D:2)
  2 ball pythons
  7 bats
  A frilled lizard (D:1)
  5 kobolds
  3 rats
50 creatures vanquished.

Notes
Turn   | Place    | Note
-------+----------+-------------------------------------------
     0 | D:1      | Mrkan the Gnoll Fighter began the quest for the Orb.
     0 | D:1      | Reached XP level 1. HP: 23/23 MP: 1/1
    45 | D:1      | Reached XP level 2. HP: 24/29 MP: 2/2
   196 | D:1      | Reached XP level 3. HP: 17/35 MP: 3/3
   540 | D:1      | Reached skill level 1 in Invocations
   757 | D:1      | Reached skill level 1 in Short Blades
   757 | D:1      | Reached skill level 1 in Long Blades
   757 | D:1      | Reached skill level 1 in Maces & Flails
   757 | D:1      | Reached skill level 1 in Polearms
   757 | D:1      | Reached skill level 1 in Staves
   757 | D:1      | Reached skill level 1 in Slings
   757 | D:1      | Reached skill level 1 in Bows
   757 | D:1      | Reached skill level 1 in Crossbows
   757 | D:1      | Reached skill level 1 in Throwing
   757 | D:1      | Reached skill level 1 in Dodging
   757 | D:1      | Reached skill level 1 in Stealth
   757 | D:1      | Reached skill level 1 in Unarmed Combat
   757 | D:1      | Reached skill level 1 in Spellcasting
   757 | D:1      | Reached skill level 1 in Evocations
   788 | D:1      | Reached XP level 4. HP: 39/41 MP: 5/5
   932 | D:2      | Reached skill level 1 in Conjurations
   932 | D:2      | Reached skill level 1 in Hexes
   932 | D:2      | Reached skill level 1 in Charms
   932 | D:2      | Reached skill level 1 in Summonings
   932 | D:2      | Reached skill level 1 in Necromancy
   932 | D:2      | Reached skill level 1 in Translocations
   932 | D:2      | Reached skill level 1 in Transmutations
   932 | D:2      | Reached skill level 1 in Fire Magic
   932 | D:2      | Reached skill level 1 in Ice Magic
   932 | D:2      | Reached skill level 1 in Air Magic
   932 | D:2      | Reached skill level 1 in Earth Magic
   932 | D:2      | Reached skill level 1 in Poison Magic
   958 | D:2      | Reached XP level 5. HP: 30/47 MP: 6/6
  1696 | D:3      | Noticed Jessica
  1707 | D:3      | Noticed Grinder
  1719 | D:3      | Paralysed by something for 6 turns
  1726 | D:3      | Killed Jessica
  1731 | D:3      | Paralysed by something for 4 turns
  1735 | D:3      | Slain by Grinder

Levels and vault maps discovered:
D:1:      erik_arrival_gehennom, layout_basic, hangedman_decor_peaks_small
D:2:      layout_basic
D:3:      layout_basic, first_ration, grunt_qazlal_clouds, uniq_jessica,
          uniq_grinder, uniq_crazy_yiuf_cottage

Skill      XL: |  1  2  3  4 |
---------------+-------------+-----
Invocations    | 1 |  1.7
Short Blades   | 1 |  1.5
Long Blades    | 1 |  1.5
Maces & Flails | 1 |  1.5
Polearms       | 1 |  1.5
Staves         | 1 |  1.5
Slings         | 1 |  1.5
Bows           | 1 |  1.5
Crossbows      | 1 |  1.5
Throwing       | 1 |  1.5
Dodging        | 1 |  1.5
Stealth        | 1 |  1.5
Unarmed Combat | 1 |  1.5
Spellcasting   | 1 |  1.5
Evocations     | 1 |  1.5
Conjurations   | 1 |  1.2
Hexes          | 1 |  1.2
Charms         | 1 |  1.2
Summonings     | 1 |  1.2
Necromancy     | 1 |  1.2
Translocations | 1 |  1.2
Transmutations | 1 |  1.2
Fire Magic     | 1 |  1.2
Ice Magic      | 1 |  1.2
Air Magic      | 1 |  1.2
Earth Magic    | 1 |  1.2
Poison Magic   | 1 |  1.2
Fighting       | |  6.7
Axes           | |  4.8
Armour         | |  6.7
Shields        | |  6.7

Action                   |  1- 3 |  4- 6 || total
-------------------------+-------+-------++-------
Melee: War axe           |    67 |    86 ||   153
       Bite              |    12 |     7 ||    19
  Use: Potion            |       |     1 ||     1
  Eat: Chunk             |       |     3 ||     3
Armor: Scale mail        |    44 |    53 ||    97
Dodge: Dodged            |    19 |    37 ||    56
Block: Shield            |    45 |    78 ||   123
